Map: Odyssey LE

Players

NightOwl

  • Race: Zerg Zerg
  • Spawn Location: 11:00

Minato - Winner!

  • Race: Zerg Zerg
  • Spawn Location: 5:00

Event: WCS Jonkoping 2017

VOD

Have the link to the VOD?

Description

Time

  • Played on: June 17, 2017, 7:45 a.m.
  • Length: 7:29

All games in this series

Show
View Real Time Build Order
Export as new Build Order

NightOwl Zerg 

Build Orders: Hatch First 

Get SALT Encoding   

  12  0:00  Drone  
  13  0:12  Overlord  
  13  0:16  Drone  
  14  0:30  Drone x2  
  14  0:34  Drone  
  17  0:53  Hatchery  
  17  0:56  Drone  
  17  1:00  Drone  
  17  1:01  Extractor  
  17  1:15  Spawning Pool  
  16  1:20  Drone  
  16  1:22  Drone  
  18  1:28  Drone  
  19  1:41  Overlord  
  19  2:02  Zergling x4  
  19  2:03  Metabolic Boost  
  19  2:05  Queen  
  19  2:07  Queen  
  25  2:12  Drone  
  25  2:13  Drone  
  27  2:18  Drone  
  27  2:22  Drone  
  29  2:28  Drone  
  30  2:33  Drone  
  31  2:43  Hatchery  
  30  2:45  Drone  
  30  2:50  Baneling Nest  
  30  2:52  Drone  
  30  3:02  Zergling x2  
  30  3:03  Zergling x4  
  32  3:11  Overlord  
  32  3:20  Drone x3  
  32  3:22  Zergling x2  
  36  3:32  Zergling x6  
  36  3:33  Zergling x2  
  40  3:35  Drone  
  40  3:38  Overlord  
  40  3:41  Baneling  
  41  3:50  Overlord  
  41  3:51  Zergling x6  
  41  3:55  Baneling  
  44  3:59  Zergling x2  
  44  4:00  Zergling x8  
  45  4:03  Zergling x2  
  45  4:09  Zergling x2  
  45  4:11  Queen  
  45  4:13  Drone  
  45  4:14  Drone  
  47  4:17  Drone  
  47  4:21  Drone  
  46  4:26  Roach Warren  
  46  4:27  Drone  
  46  4:32  Extractor  
  45  4:39  Zergling x8  
  49  4:46  Queen, Zergling x2  
  49  4:47  Zergling x4  
  54  4:53  Drone  
  54  4:58  Overlord x2  
  55  5:01  Baneling  
  54  5:11  Drone  
  55  5:17  Roach x6  
  55  5:19  Roach  
  69  5:23  Roach  
  69  5:27  Roach x2  
  75  5:30  Roach  
  77  5:36  Overlord  
  77  5:43  Roach  
  77  5:44  Overlord  
  79  5:53  Zergling x6  
  79  5:56  Baneling  
  79  5:57  Baneling x11  
  82  5:59  Zergling x2  
  82  6:01  Baneling  
  82  6:04  Zergling x4  
  84  6:06  Baneling  
  84  6:08  Zergling x4  
  87  6:12  Zergling x4  
  87  6:13  Baneling  
  87  6:16  Baneling  
  87  6:31  Zergling x18  
  88  6:36  Zergling x8  
  85  6:41  Zergling x4  
  82  6:47  Zergling x4  
  82  6:48  Zergling x4  
  82  6:53  Zergling x4  
  77  7:02  Zergling x12  
  77  7:07  Zergling x2  
  72  7:11  Zergling x2  
Show
View Real Time Build Order
Export as new Build Order

Minato Zerg - Winner!

Build Orders: Hatch First 

Get SALT Encoding   

  12  0:01  Drone  
  13  0:12  Overlord  
  13  0:17  Drone  
  14  0:30  Drone x2  
  14  0:34  Drone  
  17  0:52  Hatchery  
  17  0:53  Drone  
  17  0:57  Drone  
  18  1:08  Extractor  
  17  1:12  Spawning Pool  
  17  1:15  Drone  
  17  1:19  Drone  
  18  1:28  Drone  
  19  1:39  Overlord  
  19  1:52  Drone  
  20  1:59  Queen  
  20  2:00  Zergling x2  
  23  2:03  Queen  
  23  2:04  Zergling x2  
  26  2:08  Metabolic Boost  
  26  2:12  Drone  
  27  2:16  Drone  
  27  2:22  Drone  
  29  2:27  Drone  
  30  2:32  Drone  
  30  2:34  Queen  
  33  2:43  Overlord  
  33  2:45  Drone  
  33  2:48  Drone  
  35  3:05  Hatchery  
  34  3:09  Zergling x8  
  38  3:13  Zergling x6  
  41  3:20  Roach Warren  
  41  3:21  Drone  
  41  3:24  Drone  
  42  3:27  Drone  
  42  3:30  Overlord  
  42  3:34  Drone  
  44  3:37  Overlord  
  44  3:49  Drone  
  44  3:50  Drone  
  44  3:52  Extractor  
  44  3:54  Evolution Chamber  
  44  3:59  Zergling x10  
  46  4:07  Roach  
  46  4:08  Roach  
  50  4:11  Roach x2  
  52  4:20  Roach x3  
  52  4:22  Roach  
  57  4:30  Drone x3  
  59  4:32  Drone  
  59  4:35  Zerg Missile Weapons Level 1  
  60  4:40  Roach  
  60  4:43  Roach  
  60  4:45  Roach  
  66  4:48  Overlord  
  66  4:52  Overlord  
  66  5:04  Lair  
  65  5:07  Drone  
  65  5:12  Drone  
  66  5:17  Drone x5  
  66  5:18  Drone x2  
  73  5:22  Drone x4  
  73  5:24  Drone  
  73  5:26  Drone  
  73  5:28  Drone  
  80  5:29  Drone  
  80  5:33  Extractor, Overlord  
  80  5:36  Overlord  
  80  5:39  Overlord  
  80  5:42  Drone  
  81  5:43  Drone  
  81  5:46  Overlord  
  82  5:58  Hatchery  
  82  6:02  Drone x5  
  82  6:04  Drone  
  87  6:06  Drone  
  87  6:07  Drone  
  87  6:09  Extractor  
  90  6:11  Roach x2  
  90  6:12  Roach  
  90  6:16  Roach x4  
  104  6:19  Roach  
  104  6:20  Ravager  
  104  6:21  Ravager  
  104  6:22  Roach x2  
  98  6:33  Roach x4  
  98  6:34  Zergling x8  
  95  6:42  Zergling x4, Roach  
  95  6:46  Roach  
  90  6:50  Roach x2  
  92  6:56  Zergling x2  
  92  6:59  Zergling x2  
  92  7:00  Roach  
  84  7:07  Zergling x2  
Tags
 
Add a new tag
Caveats
  • Supply blocks, unpowered buildings, or Contaminate may cause inaccurate times.
  • Supply counts are checked every 10 seconds.